 Dungeon Crawl Stone Soup version 0.27-a0-1200-g94dc6ad4cf (webtiles) character file.

Game seed: 12118633149012177550

239 27snakeeyes612 the Slasher (level 6, -9/57 HPs)
             Began as a Naga Berserker on May 31, 2021.
             Was a Priest of Trog.
             Mangled by Duvessa
             ... wielding a +0 short sword
              (10 damage)
             ... on level 5 of the Dungeon.
             The game lasted 00:03:17 (4375 turns).

27snakeeyes612 the Slasher (Naga Berserker)         Turns: 4375, Time: 00:03:17

Health: -9/57      AC:  8    Str: 19 (21) XL:     6   Next: 7%
Magic:  6/6        EV:  4    Int:  5 (8)  God:    Trog [***...]
Gold:   170        SH:  0    Dex:  9 (10) Spells: 5/5 levels left

rFire    . . .     SeeInvis +   a - +0 falchion
rCold    . . .     Faith    .   (no shield)
rNeg     . . .     Spirit   .   i - +0 plate armour
rPois    +         Reflect  .   (no helmet)
rElec    .         Harm     .   (no cloak)
rCorr    .         Rampage  .   (no gloves)
Will     ++...                  (no barding)
Stlth    ..........             (no amulet)
HPRegen  1.19/turn              (no ring)
MPRegen  0.10/turn              (no ring)

@: brilliant, strong-willed, on berserk cooldown, regenerating, very slow
A: AC +2, large, see invisible, deformed body, poison resistance, slowness 2,
spit poison 1, naga tail 1
a: Spit Poison, Renounce Religion, Berserk, Trog's Hand


You were on level 5 of the Dungeon.
You worshipped Trog.
Trog was most pleased with you.
You visited 1 branch of the dungeon, and saw 5 of its levels.

You collected 170 gold pieces.

Inventory:

Hand Weapons
 a - a +0 falchion (weapon)
Armour
 b - a +0 animal skin
 g - a +0 leather armour
 i - a +0 plate armour (worn)
Scrolls
 d - a scroll of identify
 e - a scroll of fog
 j - a scroll of immolation {unknown}
 m - a scroll of summoning {unknown}
 o - a scroll of silence {unknown}
 p - a scroll of enchant armour {unknown}
 t - a scroll of brand weapon {unknown}
 v - a scroll of amnesia {unknown}
Potions
 c - a potion of lignification
 l - a potion of attraction
 q - a potion of cancellation
 r - a potion of might {unknown}
 s - a potion of flight
 u - a potion of invisibility


   Skills:
 + Level 4.0 Fighting
 + Level 4.9 Long Blades
 + Level 2.8 Armour
 + Level 2.0 Dodging
 + Level 0.5 Stealth


You had 5 spell levels left.
You didn't know any spells.
Your spell library was empty.

Dungeon Overview and Level Annotations

Branches:
Dungeon (5/15)
 Temple: D:4-7

Altars:
Ashenzari
Nemelex Xobeh
Vehumet

Shops:
D:1 (

Annotations:
D:5 Dowan, Duvessa


Innate Abilities, Weirdness & Mutations

Your serpentine skin is tough. (AC +2)
You have supernaturally acute eyesight. (SInv)
Armour fits poorly on your strangely shaped body.
Your system is resistant to poisons. (rPois)
You cover ground very slowly.
You can spit poison.
You have a snake-like lower body.


Message History

Duvessa says, "Where magic fails, the sword succeeds!"
Duvessa hits you but does no damage.
A quokka comes into view.
Duvessa hits you but does no damage. The quokka is pulled toward you!
It was a potion of cancellation.
Your magical effects are unravelling.
You feel magically purged.
You feel less wooden.
Your +0 plate armour unmelds from your body.
You feel yourself speed up. Duvessa hits you with a +0 short sword!
* * * LOW HITPOINT WARNING * * *
Duvessa barely misses you. The quokka is pulled toward you!
You feel less attractive to monsters.
It was a potion of heal wounds.
You feel much better.
Duvessa zaps a wand.
The puff of flame hits you but does no damage.
Duvessa hits you with a +0 short sword!
* * * LOW HITPOINT WARNING * * *
It was a potion of berserk rage.
You're still recovering from your berserk rage.
Duvessa says, "When magic and the sword combine, nothing stands against them."
Duvessa hits you but does no damage.
As you read the scroll labelled ZUEMPIRUAL, it crumbles to dust.
It is a scroll of identify.
e - a scroll of fog Duvessa hits you with a +0 short sword.
* * * LOW HITPOINT WARNING * * *
Duvessa zaps a wand.
The puff of flame hits you.
* * * LOW HITPOINT WARNING * * *
It was a potion of brilliance.
You feel clever all of a sudden. Duvessa hits you but does no damage.
Duvessa hits you with a +0 short sword.
* * * LOW HITPOINT WARNING * * *
Your skin crawls.
You feel strong-willed.
Duvessa zaps a wand.
The puff of flame hits you!
* * * LOW HITPOINT WARNING * * *
Duvessa hits you with a +0 short sword!
You die...

#.# #####.##
#......# #.###.##
#.# ### #.# #.#
#.# #@# #e# #e#
#s# #r# #.#
.#######.########
.$.e.............
...e.....#######.


You could see Duvessa (fast), Dowan, a scorpion and a quokka.

Vanquished Creatures
  A scorpion (D:4)
  Jessica (D:2)
  A gnoll (D:1)
  2 adders
  5 dart slugs
  3 worms
  4 orcs (D:4)
  6 ball pythons
  9 endoplasms
  9 giant cockroaches
  11 goblins
  8 hobgoblins
  4 jackals (D:3)
  5 quokkas
  9 bats
  5 frilled lizards
  3 kobolds
  7 rats
93 creatures vanquished.

Notes
Turn   | Place    | Note
-------+----------+-------------------------------------------
     0 | D:1      | 27snakeeyes612 the Naga Berserker began the quest for the
                  | Orb.
     0 | D:1      | Reached XP level 1. HP: 21/21 MP: 1/1
   244 | D:1      | Reached XP level 2. HP: 9/28 MP: 2/2
   651 | D:1      | Reached XP level 3. HP: 28/34 MP: 3/3
   761 | D:1      | Found a faded altar of an unknown god.
   865 | D:1      | Reached ** piety under Trog
   944 | D:1      | Found Edoetest's Weapon Shop.
  1543 | D:2      | Reached XP level 4. HP: 42/42 MP: 4/4
  1552 | D:2      | Noticed Jessica
  1569 | D:2      | Killed Jessica
  2621 | D:3      | Reached *** piety under Trog
  2649 | D:3      | Reached XP level 5. HP: 50/50 MP: 5/5
  3061 | D:3      | Found a sparkling altar of Nemelex Xobeh.
  3062 | D:3      | Found a broken altar of Ashenzari.
  3082 | D:3      | Found a radiant altar of Vehumet.
  3845 | D:4      | Reached XP level 6. HP: 45/57 MP: 6/6
  4321 | D:5      | Entered Level 5 of the Dungeon
  4346 | D:5      | Noticed Duvessa
  4346 | D:5      | Noticed Dowan
  4369 | D:5      | HP: 1/57 [Duvessa/+0 short sword (9)]
  4375 | D:5      | HP: 1/57 [Duvessa/puff of flame (8)]
  4375 | D:5      | Mangled by Duvessa

Illustrated notes

Levels and vault maps discovered:
D:1:      dpeg_arrival_stonehenge_8_columns, layout_rooms, serial_shops, shop,
          ebering_ecumenical_altar_ruins, minmay_tromino_v2
D:2:      layout_basic, uniq_jessica
D:3:      layout_basic, nicolae_overflow_hidden_temple,
          kennysheep_generic_room_13
D:4:      layout_basic, minmay_box_of_dots
D:5:      layout_loops_ring, minmay_temple_entry_statues, chequers_arboretum,
          uniq_duvessa, uniq_ijyb, uniq_menkaure

Skill      XL: |  1  2  3  4  5 |
---------------+----------------+-----
Long Blades    | 4 |  4.9
Armour         | 2 |  2.8
Dodging        | 2 |  2.0
Fighting       | 4 |  4.0
Stealth        | |  0.5

Action                   |  1- 3 |  4- 6 || total
-------------------------+-------+-------++-------
Melee: Falchion          |    71 |   231 ||   302
Invok: Berserk           |     2 |     3 ||     5
       Trog's Hand       |       |     2 ||     2
  Use: Potion            |       |     8 ||     8
       Scroll            |       |     1 ||     1
Armor: Leather armour    |     7 |       ||     7
       Plate armour      |     4 |   175 ||   179
       Animal skin       |     3 |       ||     3
       Skin              |       |     7 ||     7
Dodge: Dodged            |    37 |    57 ||    94
       Rpst.: Falchion   |    12 |    17 ||    29

Table legend: (Time is in decaauts)
 A = Elapsed time spent in this place.
 B = Non-inter-level travel time spent in this place.
 C = Inter-level travel time spent in this place.
 D = Time resting spent in this place.
 E = Time spent auto-exploring this place.
 F = Levels seen in this place.
 G = Mean time per level.
                   A        B        C        D        E       F      G
               +--------+--------+--------+--------+--------+-----+--------+
         Total |   5338 |   5197 |    141 |    469 |   3985 |   5 | 1067.6 |
       Dungeon |   5338 |   5197 |    141 |    469 |   3985 |   5 | 1067.6 |
               +--------+--------+--------+--------+--------+-----+--------+

Top non-repeatable levels by time:
     D:2: 1718 daAuts
     D:3: 1244 daAuts
     D:1: 1198 daAuts
     D:4: 1108 daAuts
     D:5: 68 daAuts
